 Dungeon Crawl Stone Soup version 0.27.0-1-g7a089689b8 (webtiles) character file.

Game seed: 6086985951155644827

115 SnakkuSnakku7 the Sneak (level 4, -5/27 HPs)
             Began as a Vampire Hedge Wizard on Aug 13, 2021.
             Blown up by Ijyb (32 damage)
             ... with a mindburst bolt
             ... on level 3 of the Dungeon.
             The game lasted 00:04:26 (2417 turns).

SnakkuSnakku7 the Sneak (Vampire Hedge Wizard)      Turns: 2417, Time: 00:04:26

Health: -5/27      AC:  3    Str: 10    XL:     4   Next: 68%
Magic:  8/8        EV: 11    Int: 16    God:
Gold:   89         SH:  0    Dex: 13    Spells: 8/9 levels left

rFire    . . .     SeeInvis +   a - +0 lajatang
rCold    + + .     Faith    .   (shield currently unavailable)
rNeg     + + +     Spirit   .   n - +0 leather armour
rPois    ∞         Reflect  .   c - +0 hat
rElec    .         Harm     .   (no cloak)
rCorr    +         Rampage  .   (no gloves)
Will     .....                  (no boots)
Stlth    ++++......             (no amulet)
HPRegen  0.00/turn              o - ring of resist corrosion
MPRegen  0.11/turn              (no ring)

@: bloodless, inhibited regen
A: bloodless, fangs 3, see invisible, vampiric 2
a: Bat Form, Revivify


You were on level 3 of the Dungeon.
You visited 1 branch of the dungeon, and saw 3 of its levels.

You collected 89 gold pieces.

Inventory:

Hand Weapons
 a - a +0 lajatang (weapon)
 d - a +0 dagger
 e - a +0 short sword
Armour
 b - a +0 robe
 c - a +0 hat (worn)
 n - a +0 leather armour (worn)
Jewellery
 o - a ring of resist corrosion (left hand)
Scrolls
 f - a scroll of enchant weapon {unknown}
 g - a scroll of teleportation {unknown}
 k - a scroll of magic mapping {unknown}
 m - a scroll of identify {unknown}
 p - a scroll of enchant armour {unknown}
Potions
 h - 2 potions of magic
 i - a potion of heal wounds
 j - a potion of haste {unknown}
 l - a potion of berserk rage {unknown}
 q - a potion of flight {unknown}


   Skills:
 - Level 2.3 Fighting
 + Level 2.7 Staves
 - Level 2.1 Dodging
 - Level 3.0 Stealth
 - Level 3.0 Spellcasting
 - Level 0.6 Conjurations
 - Level 1.0 Summonings
 - Level 0.7 Translocations


You had 8 spell levels left.
You knew the following spells:

 Your Spells              Type           Power      Damage    Failure   Level
a - Magic Dart            Conj           16%        1d3       21%         1

Your spell library contained the following spells:

 Spells                   Type           Power      Damage    Failure   Level
 Call Imp                 Summ           5%         N/A       26%         2
 Blink                    Tloc           N/A        N/A       28%         2
 Slow                     Hex            2%         N/A       36%         2
 Conjure Flame            Conj/Fire      3%         6-21      56%         3
 Mephitic Cloud           Conj/Pois/Air  3%         N/A       56%         3


Dungeon Overview and Level Annotations

Branches:
Dungeon (3/15)

Altars:
The Shining One

Annotations:
D:3 Grinder, Ijyb, Natasha


Innate Abilities, Weirdness & Mutations

You do not regenerate when monsters are visible.
You are frail without blood (-20% HP).
You can heal yourself when you bite living creatures.
You are immune to poison.
You have razor-sharp teeth.
You have supernaturally acute eyesight. (SInv)
You are afflicted with vampirism and can become a bat while bloodless.


Message History

A ball python comes into view.
There is an open door here.
A ball python is nearby!
The ball python bites you but does no damage.
The ball python grabs you. The ball python constricts you.
You closely miss the ball python. You bite the ball python.
The ball python is severely wounded.
The ball python bites you. The ball python constricts you.
You hit the ball python.
You kill the ball python!
No target in view!
You see here a ball python corpse.
HP restored.
You begin bloodletting.
You continue bloodletting. x5
Now bloodless.
Unknown command.
You open the door.
There is an open door here.
Really walk into a travel-excluded area?
Grinder shouts!
Grinder hits you.
You closely miss Grinder. Grinder hits you.
You closely miss Grinder. You bite Grinder.
Grinder is lightly wounded.
Grinder hits you!
You are too injured to fight recklessly!
You are too injured to fight recklessly!
You are too injured to fight recklessly!
Ijyb the Twisted Goblin comes into view.
She is wielding a +0 dagger and carrying a wand of mindburst (7).
Grinder blinks!
Ijyb shouts!
Grinder says, "Don't move a muscle."
Grinder blinks!
Okay, then.
Okay, then.
It was a potion of magic.
Magic courses through your body.
It was a potion of heal wounds.
You feel much better.
Ijyb zaps a wand.
Your mind is blasted!
Ouch! That really hurt!
You die...

######.###
########........#
#......#.####.#.#
#.####.#.####>#5##
#.####.#.##.......
#.##........#_#.#
#.##.#.#.##.#.#.#
#.##.#.#........# #
#.##.#.####..$.@##.####
#......# #.....g.....#
####.### #........##.#
#.# ###.####.# #.# #.#
.# #.# ##'## . #.#
##...## ## ##.#
##.....## ####..#
##.......##


You could see Grinder and Ijyb.

Vanquished Creatures
  3 adders
  3 gnolls
  A worm (D:2)
  2 dart slugs (D:2)
  6 ball pythons
  4 endoplasms
  4 giant cockroaches
  7 goblins
  3 hobgoblins
  4 jackals (D:1)
  4 bats
  3 frilled lizards
  5 kobolds
  A rat (D:2)
50 creatures vanquished.

Vanquished Creatures (others)
  A plant (D:1)
1 creature vanquished.

Grand Total: 51 creatures vanquished

Notes
Turn   | Place    | Note
-------+----------+-------------------------------------------
     0 | D:1      | SnakkuSnakku7 the Vampire Hedge Wizard began the quest for
                  | the Orb.
     0 | D:1      | Reached XP level 1. HP: 13/13 MP: 4/4
   129 | D:1      | Reached skill level 1 in Fighting
   207 | D:1      | Reached XP level 2. HP: 10/21 MP: 6/6
   447 | D:1      | You fall into a shaft and drop 1 floor!
   447 | D:2      | Found a faded altar of an unknown god.
   788 | D:1      | Gained mutation: You are afflicted with vampirism and can
                  | become a bat while bloodless. [Vampire growth]
   788 | D:1      | Reached XP level 3. HP: 27/28 MP: 7/7
  1536 | D:2      | Reached skill level 1 in Staves
  1863 | D:2      | Reached XP level 4. HP: 34/34 MP: 4/8
  2215 | D:3      | Noticed Natasha
  2354 | D:3      | Noticed Grinder
  2413 | D:3      | Noticed Ijyb
  2417 | D:3      | Blown up by Ijyb

Illustrated notes

Levels and vault maps discovered:
D:1:      kennysheep_arrival_seaside, layout_loops_ring,
          chequers_serial_rivers_micro_e, chequers_serial_rivers_large_a,
          kennysheep_another_room
D:2:      layout_basic, hellmonk_ecumenical_altar_arch_garden
D:3:      layout_loops_corners, overflow_temple_1_default,
          mainiacjoe_overflow_brackets, uniq_ijyb, uniq_grinder, uniq_natasha

Skill      XL: |  1  2  3  4 |
---------------+-------------+-----
Fighting       | 1 2 |  2.3
Staves         | 1 2 |  2.7
Dodging        | |  2.1
Stealth        | |  3.0
Spellcasting   | |  3.0
Conjurations   | |  0.6
Summonings     | |  1.0
Translocations | |  0.7

Action                   |  1- 3 |  4- 6 || total
-------------------------+-------+-------++-------
Melee: Dagger            |    57 |       ||    57
       Bite              |    14 |     2 ||    16
       Short sword       |    40 |       ||    40
       Lajatang          |    57 |    23 ||    80
 Cast: Magic Dart        |     4 |       ||     4
 Abil: Exsanguinate      |       |     1 ||     1
  Use: Scroll            |     1 |       ||     1
       Potion            |       |     2 ||     2
 Stab: Sleeping          |     6 |     2 ||     8
Armor: Robe              |    34 |       ||    34
       Leather armour    |     2 |     1 ||     3
Dodge: Dodged            |   123 |    13 ||   136
